Map: Scythe of Amon

Players

NamroodTuo

  • Race: Zerg Zerg

Taurus

  • Race: Terran Terran
  • Spawn Location: 5:00

VOD

Have the link to the VOD?

Description

Time

  • Played on: Jan. 6, 2023, 3:27 p.m.
  • Length: 21:30
Show
View Real Time Build Order
Export as new Build Order

NamroodTuo Zerg 

Build Orders:  

Get SALT Encoding   

  12  0:12  Overlord  
  12  0:18  Infested SCV  
  13  0:27  Infested SCV  
  14  0:34  Infested SCV  
  15  0:57  Infested Barracks  
  15  1:04  Infested SCV  
  15  1:06  Infested SCV  
  15  1:07  Infested SCV  
  18  1:22  Overlord  
  18  1:39  Infested SCV  
  19  1:56  Infested Engineering Bay  
  19  1:57  Infested SCV  
  19  1:59  Infested Marine  
  21  2:11  Infested Barracks  
  21  2:16  Infestation Level 1  
  21  2:21  Infested SCV  
  21  2:29  Infested SCV  
  23  2:39  Infested Refinery  
  23  2:43  Infested SCV  
  23  2:44  Infested Refinery  
  24  2:59  Infested SCV  
  25  3:31  Infested SCV  
  25  3:32  Infested SCV  
  26  3:46  Infested SCV  
  26  3:47  Infested Bunker  
  31  3:53  Regenerative Plating  
  31  4:05  Overlord  
  31  4:22  Overlord  
  31  4:34  Infested SCV  
  31  4:36  Infested Marine  
  31  4:37  Infested Marine x5  
  31  4:38  Infested Marine  
  39  5:11  Infested Marine x8  
  39  5:19  Overlord  
  46  5:20  Overlord  
  46  5:22  Overlord  
  46  5:25  Infested Marine  
  47  6:18  Infested Marine  
  47  6:19  Infested Marine x18  
  60  6:27  Infested Barracks Tech Lab  
  60  6:30  Stukov Infantry Weapons Level 1  
  60  6:33  Infestation Level 2  
  60  6:40  Infested SCV x2  
  53  7:17  Infested Command Center  
  34  8:00  Infested Bunker  
  34  8:05  Infested Marine  
  34  8:06  Infested Marine x14  
  53  8:24  Infested Marine x9  
  53  8:25  Infested Marine x6  
  68  8:33  Anaerobic Enhancement  
  62  9:08  Infested SCV x3  
  65  9:10  Stukov Infantry Armor Level 1  
  68  9:20  Infested SCV, Infested Bunker  
  66  9:33  Broodling Gestation  
  66  9:36  Infested Marine  
  59  9:55  Infested SCV  
  59  9:56  Infested SCV  
  55  10:08  Infested SCV  
  50  10:16  Infested Marine  
  50  10:17  Infested Marine x21  
  50  10:18  Infested Marine x3  
  75  10:34  Infested Bunker  
  79  11:01  Infested Marine x5  
  79  11:02  Infested Marine x2  
  84  11:10  Overlord  
  84  11:11  Overlord x5  
  77  11:45  Plagued Munitions  
  60  12:05  Infested Factory  
  60  12:12  Infested Marine  
  60  12:13  Infested Marine x19  
  73  12:40  Infested Marine  
  73  12:41  Infested Marine x13  
  73  12:42  Infested Marine x5  
  92  12:51  Infested SCV x4  
  92  12:52  Infested SCV  
  97  13:15  Retinal Augmentation  
  97  13:24  Stukov Infantry Weapons Level 2  
  87  13:32  Infested Armory  
  77  13:51  Infested Marine x7  
  77  13:52  Infested Marine x24  
  77  13:56  Infested Marine x4  
  77  13:57  Infested Marine  
  111  14:00  Overlord x7  
  111  14:01  Overlord  
  105  14:14  Infested Marine  
  105  14:15  Infested Marine x5  
  100  14:51  Infestation Level 3  
  93  15:07  Unknown  
  64  15:41  Infested Marine  
  64  15:42  Infested Marine x14  
  64  15:43  Infested Marine x21  
  94  16:09  Infested Barracks  
  94  16:12  Infested Barracks  
  94  16:29  Infested Marine  
  95  16:30  Infested Marine x15  
  95  16:34  Stukov Infantry Armor Level 2  
  102  17:13  Infested Marine  
  102  17:14  Infested Marine x22  
  97  17:28  Infested Marine  
  97  17:29  Infested Marine x11  
  109  17:39  Infested Marine  
  110  17:40  Infested Marine x7  
  110  17:48  Infested Marine x7  
  110  17:49  Infested Marine  
  106  18:14  Infested Bunker  
  106  18:17  Infested Bunker  
  112  18:28  Infested Missile Turret  
  107  18:40  Infested Marine  
  107  18:41  Infested Marine x15  
  102  18:57  Infested Missile Turret  
  90  19:14  Infested SCV x5  
  90  19:15  Aggressive Incubation  
  89  19:23  Infested Marine  
  89  19:24  Infested Marine x13  
  89  19:25  Infested Marine x20  
  117  19:44  Calcified Armor  
  117  19:49  Infested Marine  
  118  19:50  Infested Marine x19  
  120  20:22  Infested Marine x5  
  120  20:23  Infested Marine x24  
  120  20:24  Infested Marine x4  
  152  20:56  Infested Marine x7  
  152  20:57  Infested Marine x17  
  164  21:09  Infested Marine x9  
  141  21:10  Infested Marine x13  
Show
View Real Time Build Order
Export as new Build Order

Taurus Terran 

Build Orders:  

Get SALT Encoding   

  12  0:02  SCV  
  13  0:19  SCV  
  14  0:35  Supply Depot  
  14  0:36  SCV  
  15  0:55  Refinery  
  15  1:05  SCV  
  15  1:07  Supply Depot  
  16  1:22  SCV  
  17  1:39  SCV  
  18  1:56  SCV  
  19  2:13  SCV  
  19  2:16  Barracks  
  20  2:20  Refinery  
  20  2:30  SCV  
  21  2:47  SCV  
  22  2:52  Barracks Reactor  
  22  3:04  Orbital Command  
  22  3:17  Factory  
  22  3:25  Supply Depot  
  22  4:12  Marine x2  
  24  4:25  Factory Tech Lab  
  24  4:27  Marine x2  
  24  4:34  SCV  
  27  4:42  Marine x2  
  29  4:51  SCV  
  29  4:57  Starport  
  29  4:58  Siege Tank  
  30  5:01  Marine x2  
  30  5:08  SCV  
  36  5:12  Marine  
  36  5:13  Marine  
  38  5:25  SCV  
  38  5:29  Starport  
  39  5:35  Starport  
  39  5:44  Supply Depot  
  39  5:54  Starport Tech Lab  
  39  6:11  Siege Tank  
  39  6:14  SCV  
  39  6:16  Supply Depot  
  43  6:49  Supply Depot  
  33  7:55  Siege Tank  
  33  7:59  Banshee, Starport Tech Lab  
  33  8:00  Starport Tech Lab  
  36  8:16  Marine x2  
  38  8:26  Marine, Banshee  
  38  8:27  Marine, Banshee x2  
  49  8:37  Marine x2  
  51  8:54  Banshee  
  51  8:55  Banshee  
  51  8:59  Fusion Core  
  57  9:05  Marine x2  
  59  9:15  Marine x2  
  61  9:25  Marine x2  
  63  9:35  Marine  
  63  9:37  Marine  
  63  9:42  Viking  
  63  9:43  Viking  
  63  9:46  Viking  
  63  9:47  Marine x2  
  61  9:55  Command Center  
  61  9:57  Marine x2  
  60  10:07  Marine  
  60  10:08  Marine  
  60  10:10  Viking x2  
  60  10:17  Marine  
  60  10:18  Marine  
  40  10:54  SCV  
  36  11:14  Battlecruiser  
  36  11:16  Supply Depot  
  42  11:43  Orbital Command  
  42  11:47  SCV  
  43  12:04  SCV  
  44  12:14  Battlecruiser  
  44  12:19  Marine  
  50  12:20  Marine  
  50  12:21  SCV  
  50  12:22  Refinery  
  50  12:29  Refinery  
  76  12:30  Marine x2  
  53  12:33  SCV  
  53  12:38  SCV  
  57  12:40  Marine x2  
  59  12:50  Marine x2, SCV  
  59  12:55  SCV  
  63  13:07  SCV  
  64  13:24  SCV  
  65  13:33  Viking  
  65  13:34  Viking x2  
  71  13:41  SCV  
  52  14:22  Battlecruiser  
  56  14:36  Marine x2  
  58  14:41  Battlecruiser  
  58  14:46  Marine x2  
  66  14:56  Marine x2  
  66  15:03  Battlecruiser  
  66  15:06  Marine x2  
  70  15:16  Marine  
  70  15:17  Marine  
  66  15:27  Marine x2  
  67  15:30  Banshee x2  
  67  15:37  Marine x2  
  74  15:47  Marine x2, Supply Depot  
  78  16:06  Viking x2  
  78  16:07  Banshee  
  82  16:17  Marine x2  
  82  16:18  Supply Depot  
  85  16:25  Banshee  
  85  16:27  Marine x2  
  90  16:37  Marine x2  
  92  16:47  Marine  
  92  16:48  Marine  
  94  16:51  Supply Depot  
  96  17:01  Marine x2  
  96  17:07  Banshee  
  101  17:11  Marine  
  101  17:18  Marine  
  101  17:19  Viking, Banshee  
  102  17:21  Supply Depot  
  102  17:22  Marine  
  102  17:28  Marine  
  110  17:48  Marine x2, Viking  
  110  17:49  Viking  
  110  17:54  Supply Depot  
  116  18:22  Banshee x2  
  115  18:41  Marine x2  
  115  18:46  Battlecruiser  
  123  18:50  Banshee  
  126  19:10  Marine x2  
  126  19:14  Battlecruiser  
  126  19:17  Banshee  
  121  19:20  Marine x2  
  121  19:29  Banshee  
  126  19:57  Marine  
  126  19:58  Marine  
  126  20:00  Banshee  
  126  20:02  Banshee  
  126  20:04  Banshee  
  126  20:08  Marine  
  126  20:09  Marine  
  124  20:18  Marine  
  124  20:19  Marine  
  119  20:28  Marine, Banshee  
  119  20:29  Marine, Banshee  
  118  20:32  Banshee  
  118  20:38  Marine  
  118  20:39  Marine  
  118  20:48  Marine  
  118  20:49  Marine  
Tags
 
Commander
RaynorStukov
Matchup
Co-op
Replay Pack
Multiplayer
Add a new tag
Caveats
  • Supply blocks, unpowered buildings, or Contaminate may cause inaccurate times.
  • Supply counts are checked every 10 seconds.